 Dungeon Crawl Stone Soup version 0.29.1-1-gd02db6906a (webtiles) character file.

Game seed: 3302101341615924853

23 xian the Gusty (level 2, -2/20 HPs)
             Began as a Demonspawn Air Elementalist on Sept 23, 2022.
             Slain by Crazy Yiuf
             ... wielding a +4 quarterstaff of chaos
              (20 damage)
             ... on level 2 of the Dungeon.
             The game lasted 00:03:18 (1894 turns).

xian the Gusty (Demonspawn Air Elementalist)        Turns: 1894, Time: 00:03:23

Health: -2/20      AC:  2    Str:  8    XL:     2   Next: 75%
Magic:  3/5        EV: 12    Int: 16    God:
Gold:   130        SH:  0    Dex: 13    Spells: 2/5 levels left

rFire   x . .      SeeInvis .   f - +0 dagger
rCold   + . .      Faith    .   (no shield)
rNeg    . . .      Spirit   .   a - +0 robe
rPois   .          Reflect  .   (no helmet)
rElec   .          Harm     .   (no cloak)
rCorr   .          Rampage  .   (no gloves)
Will    .....                   (no boots)
Stlth   ++........              (no amulet)
HPRegen 0.06/turn               c - ring of ice
MPRegen 0.09/turn               d - +4 ring of slaying

@: no status effects
A: weakness stinger 1
a: no special abilities


You were on level 2 of the Dungeon.
You visited 1 branch of the dungeon, and saw 2 of its levels.

You collected 130 gold pieces.

Inventory:

Hand Weapons
 f - a +0 dagger (weapon)
Missiles
 j - 3 javelins
Armour
 a - a +0 robe (worn)
 e - a +0 chain mail
Jewellery
 c - a ring of ice (left hand)
 d - a +4 ring of slaying (right hand)
Scrolls
 g - a scroll of magic mapping
 h - a scroll of teleportation
 n - a scroll of blinking
 o - 2 scrolls of enchant armour {unknown}
 p - 2 scrolls of immolation {unknown}
Potions
 b - a potion of magic
 k - a potion of curing
 l - 2 potions of cancellation {unknown}
 m - a potion of brilliance


   Skills:
 + Level 0.4 Fighting
 + Level 2.0 Dodging
 + Level 1.7 Stealth
 + Level 2.2 Spellcasting
 + Level 1.0 Conjurations
 + Level 3.3 Air Magic


You had 2 spell levels left.
You knew the following spells:

 Your Spells              Type           Power      Damage    Failure   Level
a - Shock                 Conj/Air       32%        1d5       9%          1
b - Static Discharge      Conj/Air       8%         3-4/arc   12%         2

Your spell library contained the following spells:

 Spells                   Type           Power      Damage    Failure   Level
 Swiftness                Air            12%        N/A       16%         3
 Conjure Flame            Conj/Fire      3%         6-21      45%         3
 Airstrike                Air            6%         2d(1-17)  45%         4
 Ignite Poison            Fire/Tmut/Pois 1%         N/A       52%         3
 Tukima's Dance           Hex            1%         N/A       52%         3
 Sticky Flame             Conj/Fire      3%         2d3       86%         4
 Passage of Golubria      Tloc           1%         N/A       90%         4
 Yara's Violent Unravell  Hex/Tmut       0%         3d3       99%         5


Dungeon Overview and Level Annotations

Branches:
Dungeon (2/15)

Altars:

Annotations:
D:2 Crazy Yiuf


Innate Abilities, Weirdness & Mutations

You have a small tail.


Message History

As you read the scroll of identify, it crumbles to dust.
h - a scroll of teleportation
i - a scroll of identify
As you read the scroll of identify, it crumbles to dust.
g - a scroll of magic mapping
Okay, then.
There is a stone staircase leading up here.
You see here a +0 trident.
i - a scroll of identify An endoplasm comes into view.
As you read the scroll of identify, it crumbles to dust.
k - a potion of curing An endoplasm is nearby!
The endoplasm quivers.
The zap hits the endoplasm.
The endoplasm is moderately wounded.
The zap hits the endoplasm.
You kill the endoplasm!
The zap hits the withered plant.
The withered plant begins to crumble.
The withered plant is lightly damaged.
The withered plant crumbles away.
Found an escape hatch in the ceiling.
You pick up an Everburning Encyclopedia and begin reading...
You add the spells Conjure Flame, Ignite Poison and Sticky Flame to your library.
You now have 112 gold pieces (gained 10).
You now have 117 gold pieces (gained 5).
There is an escape hatch in the ceiling here.
You now have 130 gold pieces (gained 13).
Found a hammer.
Found a runed translucent door.
Crazy Yiuf shouts!
As you open the door, it creaks loudly!
Crazy Yiuf says, "East!"
Casting: Shock (safe; 9% risk of failure)
Confirm with . or Enter, or press ? or * to list all spells.
Crazy Yiuf is struck by an arc of lightning!
Crazy Yiuf is moderately wounded.
You are struck by an arc of lightning.
The lightning grounds out.
Crazy Yiuf hits you with a +4 quarterstaff of chaos!!
Ouch! That really hurt!
You die...

##########.###....#
...........# #....#
#........<## ♣....♣
#.........# ♣...♣♣
#.........# ♣♣.♣♣
#.........# ♣.♣♣
..........# ♣♣.♣
..........# ♣.♣♣
..........# ♣♣@♣
..######### #g#
#... ... ###. #...#
## .. #..)# .###.#
##### ..... # ## #


You could see Crazy Yiuf.

Vanquished Creatures
  A worm (D:2)
  2 endoplasms
  A giant cockroach (D:2)
  A hobgoblin (D:2)
  3 jackals (D:1)
  A ball python zombie (D:2)
  3 bats
  A frilled lizard (D:1)
  2 goblins (D:1)
  A kobold (D:1)
  6 rats
22 creatures vanquished.

Vanquished Creatures (others)
  2 withered plants (D:2)
2 creatures vanquished.

Grand Total: 24 creatures vanquished

Notes
Turn   | Place    | Note
-------+----------+-------------------------------------------
     0 | D:1      | xian the Demonspawn Air Elementalist began the quest for
                  | the Orb.
     0 | D:1      | Reached XP level 1. HP: 13/13 MP: 3/3
   651 | D:1      | Reached skill level 3 in Air Magic
  1166 | D:1      | Discovered your monstrous ancestry.
  1166 | D:1      | Gained mutation: You have a small tail. [demonic ancestry]
  1166 | D:1      | Reached XP level 2. HP: 19/19 MP: 0/5
  1663 | D:2      | Learned a level 2 spell: Static Discharge
  1889 | D:2      | Found a runed translucent door.
  1890 | D:2      | Noticed Crazy Yiuf
  1894 | D:2      | Slain by Crazy Yiuf

Illustrated notes

Levels and vault maps discovered:
D:1:      amcnicky_arrival_single_pillar, layout_loops_corners,
          supply_closet_lemuel
D:2:      layout_rooms, serial_undead, serial_undead_e, serial_undead_b,
          serial_undead_b, serial_undead_f, serial_shops,
          nicolae_shop_hallway_stairs, uniq_crazy_yiuf_cottage

Skill      XL: |  1  2 |
---------------+-------+-----
Air Magic      | 3 |  3.3
Dodging        | 2 |  2.0
Fighting       | |  0.4
Stealth        | |  1.7
Spellcasting   | |  2.2
Conjurations   | |  1.0

Action                   || total
-------------------------++-------
Melee: Unarmed           ||    11
       Dagger            ||     5
       Tailslap          ||     1
 Cast: Shock             ||    40
       Static Discharge  ||     1
  Use: Scroll            ||     5
Armor: Robe              ||    10
Dodge: Dodged            ||    13
